 Dungeon Crawl Stone Soup version 0.29.1-13-g9f3cf754e1 (webtiles) character file.

Game seed: 9910487630840275282

244 Thatpatchoflichen the Shooter (level 5, -3/42 HPs)
             Began as a Demonspawn Hunter on Feb 6, 2023.
             Slain by a gnoll
             ... wielding a +0 spear
              (5 damage)
             ... on level 5 of the Dungeon.
             The game lasted 00:08:44 (2991 turns).

Thatpatchoflichen the Shooter (Demonspawn Hunter)   Turns: 2991, Time: 00:08:45

Health: -3/42      AC:  3    Str: 11    XL:     5   Next: 83%
Magic:  5/5        EV: 13    Int: 10    God:
Gold:   151        SH:  0    Dex: 19    Spells: 4/4 levels left

rFire   . . .      SeeInvis .   a - +0 shortbow
rCold   . . .      Faith    .   (shield currently unavailable)
rNeg    . . .      Spirit   .   c - +0 leather armour
rPois   +          Reflect  .   (no helmet)
rElec   .          Harm     .   (no cloak)
rCorr   .          Rampage  .   (no gloves)
Will    .....                   (no boots)
Stlth   ++........              (no amulet)
HPRegen 0.14/turn               o - ring of poison resistance
MPRegen 0.09/turn               (no ring)

@: no status effects
A: claws 1, spiny 1
a: no special abilities


You were on level 5 of the Dungeon.
You visited 1 branch of the dungeon, and saw 5 of its levels.

You collected 151 gold pieces.

Inventory:

Hand Weapons
 a - a +0 shortbow (weapon)
Missiles
 v - 6 boomerangs
Armour
 c - a +0 leather armour (worn)
 p - a +0 ring mail
Jewellery
 o - a ring of poison resistance (left claw)
Scrolls
 b - a scroll of immolation
 f - 4 scrolls of identify {unknown}
 h - a scroll of noise {unknown}
 i - 3 scrolls of enchant armour {unknown}
 k - 2 scrolls of enchant weapon {unknown}
 l - a scroll of fear {unknown}
 m - a scroll of blinking {unknown}
 q - a scroll of summoning {unknown}
 r - a scroll of acquirement {unknown}
 s - a scroll of poison {unknown}
Potions
 d - 2 potions of flight {unknown}
 e - a potion of lignification {unknown}
 g - a potion of haste {unknown}
 j - a potion of heal wounds {unknown}
 n - 3 potions of brilliance {unknown}
 t - a potion of curing {unknown}
 u - a potion of mutation {unknown}


   Skills:
 + Level 3.9 Fighting
 + Level 4.7 Ranged Weapons
 + Level 3.4 Dodging
 - Level 0.8 Stealth


You had 4 spell levels left.
You didn't know any spells.
Your spell library contained the following spells:

 Spells                   Type           Power      Damage    Failure   Level
 Shock                    Conj/Air       0%         1d3       45%         1
 Summon Small Mammal      Summ           0%         N/A       45%         1
 Call Canine Familiar     Summ           0%         N/A       83%         3
 Dazzling Flash           Conj/Hex       0%         N/A       83%         3
 Ignite Poison            Fire/Tmut/Pois 0%         N/A       83%         3
 Mephitic Cloud           Conj/Pois/Air  0%         N/A       83%         3
 Summon Guardian Golem    Hex/Summ       0%         N/A       83%         3
 Swiftness                Air            0%         N/A       83%         3
 Airstrike                Air            0%         2d(0-16)  99%         4
 Fulminant Prism          Conj/Hex       0%         3d6       99%         4
 Iskenderun's Mystic Bla  Conj/Tloc      0%         2d3       99%         4
 Freezing Cloud           Conj/Ice/Air   0%         6-21      100%        5
 Lee's Rapid Deconstruct  Erth           0%         3d5*      100%        5
 Starburst                Conj/Fire      0%         6d3       100%        6


Dungeon Overview and Level Annotations

Branches:
Dungeon (5/15)
 Temple: D:4-7

Altars:
Gozag
Ru
Trog
Uskayaw
Vehumet

Shops:
D:5 *

Annotations:
D:3 2 transporters, DemonSlayer's ghost, amateur DsEE


Innate Abilities, Weirdness & Mutations

You have sharp fingernails.
You are partially covered in sharp spines.


Message History

Fire: a) +0 shortbow
Press: ? - help, Q - select action, (/) - cycle Shift-Dir - straight line, f/p - gnoll
Aim: a gnoll, wielding a +0 spear (68% to hit)
You shoot an arrow. The arrow barely misses the gnoll.
The gnoll closely misses you.
Unknown command.
Fire: a) +0 shortbow
Press: ? - help, Q - select action, (/) - cycle Shift-Dir - straight line, f/p - gnoll
Aim: a gnoll, wielding a +0 spear (68% to hit)
You shoot an arrow. The arrow hits the gnoll.
The gnoll is moderately wounded.
The gnoll hits you from afar with a +0 spear!
* * * LOW HITPOINT WARNING * * *
The gnoll hits you but does no damage.
Fire: a) +0 shortbow
Press: ? - help, Q - select action, (/) - cycle Shift-Dir - straight line, f/p - gnoll
Aim: a gnoll, wielding a +0 spear (moderately wounded, 68% to hit)
You shoot an arrow. The arrow hits the gnoll.
The gnoll is heavily wounded.
The gnoll barely misses you.
Fire: a) +0 shortbow
Press: ? - help, Q - select action, (/) - cycle Shift-Dir - straight line, f/p - gnoll
Aim: a gnoll, wielding a +0 spear (heavily wounded, 68% to hit)
You shoot an arrow. The arrow barely misses the gnoll.
The gnoll hits you from afar with a +0 spear.
* * * LOW HITPOINT WARNING * * *
The gnoll barely misses you.
Fire: a) +0 shortbow
Press: ? - help, Q - select action, (/) - cycle Shift-Dir - straight line, f/p - gnoll
Aim: a gnoll, wielding a +0 spear (heavily wounded, 68% to hit)
You shoot an arrow. The arrow barely misses the gnoll.
The gnoll hits you but does no damage.
Unknown command.
Fire: a) +0 shortbow
Press: ? - help, Q - select action, (/) - cycle Shift-Dir - straight line, f/p - gnoll
Aim: a gnoll, wielding a +0 spear (heavily wounded, 68% to hit)
You shoot an arrow. The arrow hits the gnoll.
The gnoll is almost dead.
The gnoll hits you from afar with a +0 spear.
You die...

........##
..........
∩........##
.......... ##
........?# #..#
.....)g..#....#
..............#
#..@......#
#...)....##
#.........#
............
.....##......
#.###. ...###
... #. ..## ..
.# ###


You could see a gnoll.

Vanquished Creatures
  Jessica (D:2)
  Natasha (thrice) (D:2)
  4 gnolls
  3 adders
  2 ufetubi (D:4)
  2 dart slugs
  5 orcs
  3 endoplasms
  2 giant cockroaches
  8 goblins
  7 hobgoblins
  2 kobolds
  3 quokkas
  6 ball pythons
  6 bats
  6 frilled lizards
  6 rats
69 creatures vanquished.

Vanquished Creatures (others)
  13 fungi (D:4)
13 creatures vanquished.

Grand Total: 82 creatures vanquished

Notes
Turn   | Place    | Note
-------+----------+-------------------------------------------
     0 | D:1      | Thatpatchoflichen the Demonspawn Hunter began the quest for
                  | the Orb.
     0 | D:1      | Reached XP level 1. HP: 16/16 MP: 1/1
    91 | D:1      | Found a faded altar of an unknown god.
    99 | D:1      | Gained mutation: You are partially covered in sharp spines.
                  | [demonic ancestry]
    99 | D:1      | Reached XP level 2. HP: 22/22 MP: 2/2
   568 | D:2      | Reached skill level 4 in Ranged Weapons
   568 | D:2      | Reached XP level 3. HP: 28/28 MP: 3/3
   950 | D:2      | Noticed Natasha
   955 | D:2      | Killed Natasha
   956 | D:2      | Gained mutation: You have sharp fingernails. [demonic
                  | ancestry]
   956 | D:2      | Reached XP level 4. HP: 22/35 MP: 4/4
   973 | D:2      | Noticed Natasha
   979 | D:2      | Killed Natasha
  1070 | D:2      | Noticed Jessica
  1076 | D:2      | Killed Jessica
  1105 | D:2      | Reached XP level 5. HP: 41/41 MP: 5/5
  1206 | D:2      | Noticed Natasha
  1314 | D:2      | Killed Natasha
  1486 | D:3      | Found a transporter.
  1526 | D:3      | Found a hide-covered altar of Uskayaw.
  1633 | D:3      | Found a transporter.
  1635 | D:3      | Noticed DemonSlayer's ghost (amateur DsEE)
  1828 | D:3      | Found a radiant altar of Vehumet.
  1884 | D:3      | Found a bloodstained altar of Trog.
  1884 | D:3      | Found a sacrificial altar of Ru.
  2177 | D:4      | Noticed an ogre
  2215 | D:4      | Noticed a black bear
  2448 | D:4      | Found an opulent altar of Gozag.
  2567 | D:5      | Entered Level 5 of the Dungeon
  2567 | D:5      | Found Rutot's General Store.
  2989 | D:5      | HP: 2/42 [gnoll/+0 spear (2)]
  2991 | D:5      | Slain by a gnoll

Illustrated notes

Levels and vault maps discovered:
D:1:      ncdulo_halloftheorcs, layout_rooms, basic_ecumenical_altar,
          chequers_garden, hangedman_abyss_or_decor_stabs, kennysheep_doodads
D:2:      layout_rooms, minmay_pentomino_o2, uniq_natasha, uniq_jessica
D:3:      layout_basic, mainiacjoe_overflow_tiny_flanked,
          nicolae_overflow_two_pavilions, gammafunk_temple_overflow_elements,
          gammafunk_ghost_stat_death
D:4:      layout_basic, lemuel_coloured_pillars_altar, serial_aquarium,
          aquarium_bridge_square [aquarium_subvault_balcony,
          aquarium_subvault_bridge, aquarium_subvault_bridge,
          aquarium_subvault_wall], aquarium_window_2, aquarium_window_fake,
          aquarium_window_1, aquarium_window_corridor_3, aquarium_view_2d,
          aquarium_pool_1, minmay_bisected
D:5:      layout_cave_pools, serial_shops, shop_fountains, shop,
          nicolae_diamond_shop, nicolae_shop_crystal

Skill      XL: |  1  2  3  4 |
---------------+-------------+-----
Dodging        | 2 3 |  3.4
Ranged Weapons | 4 |  4.7
Fighting       | 3 |  3.9
Stealth        | |  0.8

Action                   |  1- 3 |  4- 6 || total
-------------------------+-------+-------++-------
 Fire: Shortbow          |    71 |    88 ||   159
Armor: Leather armour    |     3 |    11 ||    14
Dodge: Dodged            |     5 |    51 ||    56
